 Dungeon Crawl Stone Soup version 0.25.1-2-g60ff931 (webtiles) character file.

Game seed: 13745913111110087464

3395 Gadfly the Shield-Bearer (level 9, -5/48 HPs)
             Began as a Deep Elf Earth Elementalist on Aug 9, 2020.
             Was a Believer of Vehumet.
             Slain by Erica
             ... wielding a +0 scimitar of flaming
              (16 damage)
             ... on level 8 of the Dungeon.
             The game lasted 00:15:27 (11358 turns).

Gadfly the Shield-Bearer (DEEE)                    Turns: 11358, Time: 00:15:28

Health: -5/48      AC:  6    Str:  5    XL:     9   Next: 75%
Magic:  12/21      EV: 19    Int: 32    God:    Vehumet [**....]
Gold:   271        SH:  6    Dex: 15    Spells: 4/21 levels left

rFire    . . .     SeeInvis .   a - +0 falchion (freeze)
rCold    . . .     Gourm    .   E - +0 buckler
rNeg     . . .     Faith    +   c - +0 robe
rPois    .         Spirit   .   (helmet restricted)
rElec    .         Reflect  .   C - +0 cloak
rCorr    .         Harm     .   l - +1 pair of gloves
MR       .....                  I - +0 pair of boots
Stlth    ++........             k - amulet of faith
HPRegen  0.16/turn              v - +6 ring of intelligence
MPRegen  0.17/turn              y - +4 ring of evasion

@: no status effects
A: hooves 1, horns 2, clever 1
a: Renounce Religion


You were on level 8 of the Dungeon.
You worshipped Vehumet.
Vehumet was pleased with you.
You were very hungry.

You visited 2 branches of the dungeon, and saw 9 of its levels.

You collected 404 gold pieces.
You spent 133 gold pieces at shops.

Inventory:

Hand Weapons
 a - a +0 falchion of freezing (weapon)
 b - a +2 whip of holy wrath
 e - a +2 short sword of venom
 G - a +2 trident of freezing
Missiles
 F - 49 stones (quivered)
Armour
 c - a +0 robe (worn)
 l - a +1 pair of gloves (worn)
 x - a +0 helmet
 C - a +0 cloak (worn)
 E - a +0 buckler (worn)
 I - a +0 pair of boots (worn)
Jewellery
 k - an amulet of faith (around neck)
 r - an uncursed ring of ice
 v - a +6 ring of intelligence (left hand)
 y - a +4 ring of evasion (right hand)
Wands
 g - a wand of flame (26)
 j - a wand of digging (6)
 u - a wand of acid (7)
 A - a wand of paralysis (3)
 H - a wand of disintegration (14)
Scrolls
 h - a scroll of teleportation
 n - a scroll of fog
 o - 2 scrolls of remove curse
 s - 2 scrolls of enchant weapon
 B - a scroll of holy word
 L - a scroll of magic mapping
Potions
 f - a potion of flight {unknown}
 i - a potion of curing
 m - a potion of resistance {unknown}
 p - 2 potions of brilliance
 t - a potion of heal wounds
 w - 3 potions of might
 z - a potion of berserk rage
 D - a potion of magic {unknown}
 K - a potion of stabbing {unknown}
Comestibles
 d - 12 rations


   Skills:
 + Level 2.2 Fighting
 * Level 5.7 Dodging
 - Level 2.4 Stealth
 + Level 7.9 Shields
 * Level 6.7 Spellcasting
 * Level 4.4 Conjurations
 - Level 1.1 Transmutations
 * Level 6.0 Earth Magic
 * Level 3.8 Evocations


You had 4 spell levels left.
You knew the following spells:

 Your Spells              Type           Power        Failure   Level  Hunger
a - Sandblast             Erth           #####.       1%          1    None
b - Stone Arrow           Conj/Erth      #####.       1%          3    None
c - Petrify               Tmut/Erth      ####....     10%         4    ##.....
d - Lee's Rapid Deconstr  Erth           #####.....   10%         5    ####...
e - Searing Ray           Conj           #####.       1%          2    None
f - Swiftness             Chrm/Air       ##......     6%          2    None

Your spell library contained the following spells:

 Spells                   Type           Power        Failure   Level  Hunger
 Shock                    Conj/Air       ###.         1%          1    None
 Passwall                 Tmut/Erth      ####....     1%          2    None
 Static Discharge         Conj/Air       ###.....     5%          3    None
 Airstrike                Air            ##........   38%         4    ##.....
 Lightning Bolt           Conj/Air       ###.......   43%         5    ####...


Dungeon Overview and Level Annotations

Branches:
Dungeon (8/15)             Temple (1/1) D:6
   Lair: D:8-11

Altars:
Ashenzari
Cheibriados
Dithmenos
Elyvilon
Fedhas
Gozag
Hepliaklqana
Kikubaaqudgha
Makhleb
Nemelex Xobeh
Okawaru
Qazlal
Ru
Sif Muna
Trog
Uskayaw
Vehumet
Xom
Yredelemnul
Zin

Shops:
D:7 ?*

Annotations:
D:8 Erica


Innate Abilities, Weirdness & Mutations

You have large cloven feet.
You have a pair of horns on your head.
Your mind is acute. (Int +2)


Message History

You finish channeling your searing ray.
The crimson imp blinks!
Casting: Searing Ray (safe; 1% risk of failure)
Confirm with . or Enter, or press ? or * to list all spells.
You can't see any susceptible monsters within range! (Use Z to cast anyway.)
Casting: Searing Ray (safe; 1% risk of failure)
Confirm with . or Enter, or press ? or * to list all spells.
Aiming: Searing Ray (safe; 1% risk of failure)
Press: ? - help, Shift-Dir - straight line The searing ray hits something! (Press . to maintain the ray.)
Something hits you! Something burns you.
* * * LOW HITPOINT WARNING * * *
The searing ray hits something!
Something hits you.
* * * LOW HITPOINT WARNING * * *
Something burns you.
* * * LOW HITPOINT WARNING * * *
You feel better. Something closely misses you. Something hits you!
You die...

..# ..+ ..+###.
###..s....
#.'.......
#########.#.......
#.......#5########
#.......#{#
#.......#@########
#.......#.........
#.......#.<.....#
#...............#
#.......##......#
#.......##......#
###+######......##
#.# #.........
#.#####......###


You could see a crimson imp.

Vanquished Creatures
  Eustachio (D:4)
  4 hogs (D:7)
  A human (D:7)
  A hungry ghost (D:7)
  Duvessa (D:7)
  An ice beast (D:7)
  A necrophage (D:7)
  4 ogres
  A centaur (D:6)
  A big kobold (D:7)
  7 bullfrogs
  Dowan (D:7)
  3 wyvern skeletons
  2 scorpions
  2 centaur zombies (D:7)
  2 crimson imps
  2 bullfrog zombies (D:6)
  3 hounds
  A bullfrog skeleton (D:5)
  A jelly (D:6)
  8 orc wizards
  An iguana (D:4)
  Ijyb (D:3)
  4 worker ants
  A hound zombie (D:7)
  A worker ant zombie (D:5)
  4 adders
  An ooze (D:2)
  A worm (D:4)
  4 dart slugs
  5 leopard geckos
  15 orcs
  9 bats
  2 giant cockroaches
  10 goblins
  16 hobgoblins
  11 jackals
  5 quokkas
  2 ball pythons
  5 frilled lizards
  A jackal skeleton (D:4)
  14 kobolds
  A quokka skeleton (D:5)
  4 rats
166 creatures vanquished.

Notes
Turn   | Place    | Note
-------+----------+-------------------------------------------
     0 | D:1      | Gadfly the Deep Elf Earth Elementalist began the quest for
                  | the Orb.
     0 | D:1      | Reached XP level 1. HP: 10/10 MP: 6/6
   190 | D:1      | Reached XP level 2. HP: 15/15 MP: 6/8
  1116 | D:1      | Reached XP level 3. HP: 19/19 MP: 10/10
  1121 | D:1      | Learned a level 3 spell: Stone Arrow
  2318 | D:2      | Reached skill level 1 in Conjurations
  2318 | D:2      | Reached XP level 4. HP: 11/24 MP: 9/12
  2325 | D:2      | Learned a level 4 spell: Petrify
  3828 | D:3      | Found a white marble altar of Elyvilon.
  3844 | D:3      | Became a worshipper of Elyvilon the Healer
  4225 | D:3      | Found a shadowy altar of Dithmenos.
  4332 | D:3      | Reached XP level 5. HP: 28/28 MP: 13/13
  4366 | D:3      | Learned a level 5 spell: Lee's Rapid Deconstruction
  4940 | D:4      | Found a shimmering altar of Xom.
  4940 | D:4      | Noticed Ijyb
  5245 | D:3      | Killed Ijyb
  5245 | D:3      | Reached skill level 1 in Fighting
  5424 | D:4      | Reached skill level 1 in Evocations
  5720 | D:4      | Reached XP level 6. HP: 26/34 MP: 11/15
  5805 | D:4      | Reached * piety under Elyvilon
  5937 | D:4      | Reached skill level 5 in Spellcasting
  6168 | D:4      | Noticed Eustachio
  6174 | D:4      | Killed Eustachio
  6420 | D:5      | Entered Level 5 of the Dungeon
  6472 | D:5      | Paralysed by a crimson imp for 7 turns
  6479 | D:5      | Reached skill level 5 in Earth Magic
  6479 | D:5      | Reached XP level 7. HP: 38/38 MP: 15/17
  7185 | D:5      | Reached ** piety under Elyvilon
  7763 | D:6      | Found a staircase to the Ecumenical Temple.
  7795 | Temple   | Entered the Ecumenical Temple
  7909 | Temple   | Fell from the grace of Elyvilon
  7909 | Temple   | Became a worshipper of Vehumet
  7971 | D:6      | Reached skill level 1 in Shields
  7972 | D:6      | Reached skill level 2 in Shields
  8158 | D:6      | Reached skill level 3 in Shields
  8158 | D:6      | Reached XP level 8. HP: 24/44 MP: 14/18
  8470 | D:6      | Reached skill level 4 in Shields
  8752 | D:7      | Found Wopp's Mayhem Merchandise.
  8848 | D:7      | Found a hide-covered altar of Uskayaw.
  8975 | D:7      | Reached skill level 5 in Shields
  9374 | D:7      | Found Roclezet's Magic Scroll Shoppe.
  9396 | D:7      | Bought a scroll of magic mapping for 49 gold pieces
  9396 | D:7      | Bought a scroll of identify for 28 gold pieces
  9397 | D:7      | Bought a scroll of identify for 28 gold pieces
  9397 | D:7      | Bought a scroll of identify for 28 gold pieces
  9501 | D:7      | Reached * piety under Vehumet
  9501 | D:7      | Offered knowledge of Shock by Vehumet.
  9501 | D:7      | Reached skill level 6 in Shields
  9870 | D:7      | Reached XP level 9. HP: 28/48 MP: 19/19
 10207 | D:7      | Reached skill level 7 in Shields
 10343 | D:7      | Noticed Duvessa
 10349 | D:7      | Noticed Dowan
 10364 | D:7      | Killed Duvessa
 10366 | D:7      | Killed Dowan
 10861 | D:7      | Reached skill level 5 in Dodging
 10870 | D:7      | Offered knowledge of Searing Ray by Vehumet.
 10872 | D:7      | Reached ** piety under Vehumet
 10897 | D:7      | Learned a level 2 spell: Searing Ray
 10900 | D:7      | Learned a level 2 spell: Swiftness
 11172 | D:7      | Gained mutation: You have an increased reservoir of magic.
                  | (+10% MP) [potion of mutation]
 11172 | D:7      | Gained mutation: You are dopey. (Int -2) [potion of
                  | mutation]
 11172 | D:7      | Gained mutation: You have a pair of small horns on your
                  | head. [potion of mutation]
 11172 | D:7      | Gained mutation: You have a pair of horns on your head.
                  | [potion of mutation]
 11173 | D:7      | Lost mutation: You have a pair of horns on your head.
                  | [potion of mutation]
 11173 | D:7      | Lost mutation: You are dopey. (Int -2) [potion of mutation]
 11173 | D:7      | Gained mutation: You occasionally shout uncontrollably at
                  | your foes. [potion of mutation]
 11173 | D:7      | Gained mutation: You have a pair of horns on your head.
                  | [potion of mutation]
 11174 | D:7      | Lost mutation: You have a pair of horns on your head.
                  | [potion of mutation]
 11174 | D:7      | Lost mutation: You have an increased reservoir of magic.
                  | (+10% MP) [potion of mutation]
 11174 | D:7      | Gained mutation: Your mind is acute. (Int +2) [potion of
                  | mutation]
 11174 | D:7      | Gained mutation: You have a pair of horns on your head.
                  | [potion of mutation]
 11175 | D:7      | Lost mutation: You occasionally shout uncontrollably at
                  | your foes. [potion of mutation]
 11175 | D:7      | Lost mutation: Your mind is acute. (Int +2) [potion of
                  | mutation]
 11175 | D:7      | Gained mutation: You have large cloven feet. [potion of
                  | mutation]
 11175 | D:7      | Gained mutation: Your mind is acute. (Int +2) [potion of
                  | mutation]
 11338 | D:8      | Noticed Erica
 11358 | D:8      | Slain by Erica

Illustrated notes

Levels and vault maps discovered:
D:1:      dpeg_arrival_tiny_a, layout_basic, minmay_tree_intersection,
          serial_bayou_pond_b
D:2:      minmay_evil_eye, layout_basic, minmay_misc_feat_secret_circle,
          minmay_close_crescents
D:3:      layout_basic, nicolae_dithmenos_shadow_blocks, elyvilon_altar_5,
          first_ration, minmay_statues_item, minmay_misc_feat_tower,
          feat_on_display
D:4:      layout_basic, xom_teletrap_fun, uniq_ijyb, uniq_eustachio
D:5:      layout_basic, serial_rivers, chequers_serial_rivers_micro_c,
          chequers_serial_rivers_small_3, chequers_serial_rivers_large_b,
          chequers_serial_rivers_room_a, chequers_serial_rivers_room_a
D:6:      layout_rooms, minmay_temple_entry_gardened_gates
D:7:      minmay_s_stair_smasher, layout_basic, lemuel_crystal_altar,
          serial_shops, nicolae_shop_waterfront, grunt_livestock,
          minmay_shop_mayhem, uniq_duvessa
D:8:      layout_basic, nicolae_overflow_crystal_walls, st_stairs_1,
          uniq_maurice, uniq_erica, uniq_joseph
Temple:   regret_index_temple_sphere_string

Skill      XL: |  1  2  3  4  5  6  7  8  9 |
---------------+----------------------------+-----
Dodging        | 3 4 5 |  5.7
Spellcasting   | 4 5 6 |  6.7
Earth Magic    | 4 5 6 |  6.0
Conjurations   | 1 2 3 4 |  4.4
Fighting       | 1 2 |  2.2
Evocations     | 1 2 3 |  3.8
Shields        | 3 6 7 |  7.9
Stealth        | |  2.4
Transmutations | |  1.1

Action                   |  1- 3 |  4- 6 |  7- 9 || total
-------------------------+-------+-------+-------++-------
Melee: Unarmed           |     8 |       |       ||     8
       Short sword       |   117 |    54 |       ||   171
       Trident           |       |    26 |       ||    26
       Falchion          |       |   130 |   260 ||   390
       Whip              |       |       |    57 ||    57
       Headbutt          |       |       |     2 ||     2
 Cast: Sandblast         |    19 |    44 |    38 ||   101
       Stone Arrow       |       |     5 |    25 ||    30
       Searing Ray       |       |       |     2 ||     2
Evoke: Wand              |       |     6 |     1 ||     7
  Use: Scroll            |     1 |    10 |     7 ||    18
       Potion            |       |     1 |     8 ||     9
 Stab: Sleeping          |     8 |     2 |     3 ||    13
       Distracted        |     1 |       |       ||     1
       Invisible         |       |       |     3 ||     3
  Eat: Chunk             |     4 |    14 |    10 ||    28
       Ration            |       |       |     2 ||     2
Armor: Robe              |    25 |    56 |    51 ||   132
Dodge: Dodged            |    93 |   241 |   359 ||   693
Block: Buckler           |       |       |    19 ||    19
       Rpst.: Falchion   |       |    53 |   101 ||   154
